Map: Prion Terraces

Players

Gracz

  • Race: Zerg Zerg
  • League: Bronze

HAJPER - Winner!

  • Race: Terran Terran

VOD

Have the link to the VOD?

Description

Time

  • Played on: Sept. 10, 2016, 8:11 p.m.
  • Length: 15:11
Show
View Real Time Build Order
Export as new Build Order

Gracz Zerg 

Build Orders: Pool First 

Get SALT Encoding   

  12  0:02  Drone  
  13  0:10  Drone  
  14  0:16  Extractor  
  14  0:17  Drone  
  15  0:34  Overlord  
  15  0:41  Spawning Pool  
  14  0:52  Extractor, Drone x3  
  16  1:12  Drone  
  16  1:18  Drone  
  18  1:27  Queen  
  20  1:41  Drone, Hatchery  
  20  2:00  Zergling x4  
  22  2:01  Overlord  
  22  2:21  Evolution Chamber  
  21  2:32  Zergling x4  
  23  2:41  Evolution Chamber  
  22  2:55  Queen  
  22  2:56  Queen  
  22  2:57  Drone  
  27  2:59  Drone x2  
  27  3:00  Drone x2  
  31  3:21  Drone x4  
  35  3:33  Lair  
  31  4:39  Spine Crawler  
  26  5:16  Extractor  
  25  5:22  Extractor  
  25  5:24  Extractor  
  23  5:39  Spine Crawler  
  14  5:43  Spine Crawler  
  14  5:46  Spine Crawler  
  8  5:50  Queen  
  8  6:05  Roach Warren  
  8  6:10  Drone  
  8  6:11  Drone x2  
    6:45  Roach x2  
  4  6:47  Roach x3  
  4  6:48  Roach x3  
  4  6:51  Roach  
  18  7:01  Drone  
  3  7:32  Roach x3  
  6  7:42  Queen  
  6  7:43  Drone  
  7  8:07  Drone x2  
  9  8:38  Roach x3  
  10  9:10  Drone x4  
  13  9:26  Queen  
  15  9:33  Roach  
  15  9:34  Roach  
  19  9:41  Zerg Melee Weapons Level 1  
  19  10:14  Drone  
  19  10:15  Drone x2  
  22  10:38  Drone  
  22  10:39  Drone  
  24  11:05  Hatchery  
  23  11:21  Drone x3  
  23  11:23  Roach  
  28  11:58  Drone  
  28  11:59  Overlord, Drone  
  28  12:00  Overlord  
  30  12:27  Drone  
  30  12:29  Drone x4  
  35  12:42  Nydus Network  
  34  13:05  Queen  
  36  13:14  Hydralisk Den  
  27  13:39  Nydus Canal  
  25  13:49  Hydralisk x3  
  16  14:20  Drone x3  
Show
View Real Time Build Order
Export as new Build Order

HAJPER Terran - Winner!

Build Orders: Reaper Expand 

Get SALT Encoding   

  12  0:02  SCV  
  13  0:18  Supply Depot  
  13  0:28  SCV  
  14  0:40  SCV  
  15  0:46  Refinery  
  15  0:49  Barracks  
  15  0:52  SCV  
  16  1:04  SCV  
  17  1:16  SCV  
  17  1:17  Supply Depot  
  18  1:28  SCV  
  19  1:37  Reaper  
  20  1:44  Orbital Command  
  20  2:11  Command Center  
  20  2:12  Supply Depot  
  20  2:17  Barracks  
  20  2:27  Reaper  
  21  2:44  Factory  
  21  3:11  Reaper  
  22  3:25  SCV  
  23  3:37  SCV  
  24  3:43  Reaper  
  25  3:49  SCV  
  26  4:01  Hellion, SCV  
  29  4:04  Reaper  
  30  4:13  SCV  
  30  4:15  Reaper  
  32  4:22  Hellion  
  34  4:25  SCV  
  35  4:37  SCV  
  35  5:11  Reaper x2  
  35  5:13  Hellion  
  39  5:25  Refinery  
  39  5:35  Hellion  
  41  5:43  Reaper x2  
  43  5:56  Hellion  
  31  7:39  Reaper  
  31  7:40  Reaper  
  33  7:48  Hellion  
  33  8:09  Hellion  
  33  8:12  Reaper x2  
  37  8:22  SCV  
  37  8:24  Refinery  
  37  8:26  Refinery  
  38  8:31  Hellion  
  38  8:34  SCV  
  41  8:44  Reaper x2  
  41  8:46  SCV  
  44  8:52  Hellion  
  39  9:16  Reaper x2  
  43  9:21  Command Center  
  43  9:23  Starport  
  43  9:26  Factory Tech Lab  
  41  9:48  Reaper x2  
  43  10:09  Starport Tech Lab  
  43  10:15  Armory  
  43  10:19  Ghost Academy  
  43  10:21  Siege Tank  
  46  10:23  Reaper  
  47  10:37  SCV  
  47  10:41  Orbital Command  
  48  10:49  SCV  
  49  10:53  Siege Tank  
  49  10:55  Reaper  
  53  10:57  Banshee  
  53  11:01  SCV  
  57  11:13  SCV  
  58  11:25  Siege Tank  
  61  11:40  Banshee  
  64  11:48  Marine  
  64  11:49  Marine  
  64  11:54  Refinery  
  66  11:56  Refinery  
  66  11:57  Siege Tank  
  69  12:06  Marine x2  
  71  12:23  Banshee  
  71  12:27  Terran Vehicle And Ship Armor Level 1  
  74  12:42  Reaper x2  
  76  12:49  Liberator  
  79  13:14  Reaper  
  79  13:15  Reaper  
  81  13:31  Liberator  
  80  13:46  Reaper  
  80  13:47  Reaper  
  77  14:18  Reaper  
  77  14:19  Reaper  
Tags
 
Add a new tag
Caveats
  • Supply blocks, unpowered buildings, or Contaminate may cause inaccurate times.
  • Supply counts are checked every 10 seconds.